Map: Habitation Station LE (Void)

Players

llllllllllll

  • Race: Protoss Protoss
  • League: Grandmaster
  • Spawn Location: 1:00

NORTHAMERICA - Winner!

  • Race: Protoss Protoss
  • League: Grandmaster
  • Spawn Location: 11:00

VOD

Have the link to the VOD?

Description

Time

  • Played on: Dec. 23, 2016, 2:26 a.m.
  • Length: 7:45
Show
View Real Time Build Order
Export as new Build Order

llllllllllll Protoss 

Build Orders:  

Get SALT Encoding   

  12  0:00  Probe (Chrono Boost)  
  13  0:11  Probe (Chrono Boost)  
  14  0:18  Pylon  
  14  0:23  Probe (Chrono Boost)  
  15  0:37  Probe (Chrono Boost)  
  16  0:47  Probe (Chrono Boost)  
  17  0:54  Gateway  
  17  0:59  Probe (Chrono Boost)  
  17  1:03  Assimilator  
  18  1:05  Assimilator  
  18  1:09  Probe (Chrono Boost)  
  19  1:19  Gateway  
  19  1:20  Probe (Chrono Boost)  
  20  1:30  Probe (Chrono Boost)  
  21  1:41  Probe (Chrono Boost)  
  21  1:42  Cybernetics Core  
  22  1:51  Probe (Chrono Boost)  
  22  1:52  Pylon  
  23  2:07  Warp Gate  
  23  2:10  Probe (Chrono Boost)  
  24  2:18  Stalker x2  
  24  2:21  Probe (Chrono Boost)  
  29  2:23  Pylon  
  29  2:32  Mothership Core (Chrono Boost)  
  31  2:49  Nexus  
  32  2:52  Probe (Chrono Boost)  
  32  2:57  Pylon  
  32  3:04  Sentry, Probe (Chrono Boost)  
  32  3:05  Sentry  
  37  3:16  Probe (Chrono Boost)  
  38  3:21  Robotics Facility  
  39  3:28  Probe (Chrono Boost)  
  36  3:41  Probe (Chrono Boost)  
  36  3:52  Twilight Council  
  36  3:53  Probe (Chrono Boost)  
  35  4:05  Probe (Chrono Boost)  
  35  4:07  Probe (Chrono Boost)  
  34  4:16  Observer  
  39  4:17  Probe (Chrono Boost)  
  39  4:18  Probe (Chrono Boost)  
  39  4:21  Stalker x2  
  41  4:28  Probe (Chrono Boost)  
  41  4:29  Probe (Chrono Boost)  
  43  4:35  Blink  
  43  4:39  Probe (Chrono Boost)  
  43  4:41  Probe (Chrono Boost)  
  41  4:49  Probe (Chrono Boost)  
  41  4:52  Warp Prism  
  43  4:57  Stalker  
  45  5:04  Stalker  
  49  5:19  Gateway  
  47  5:24  Gateway  
  47  5:34  Stalker  
  47  5:35  Probe x2 (Chrono Boost)  
  51  5:39  Stalker  
  55  5:50  Probe x2 (Chrono Boost)  
  55  5:57  Gateway  
  55  6:03  Stalker  
  57  6:04  Stalker  
  59  6:12  Pylon  
  59  6:28  Pylon  
  59  6:31  Stalker x3  
  64  6:36  Stalker  
  66  6:44  Pylon  
  66  6:59  Stalker x2  
  66  7:09  Stalker x5  
Show
View Real Time Build Order
Export as new Build Order

NORTHAMERICA Protoss - Winner!

Build Orders: Oracle Opening 

Get SALT Encoding   

  12  0:01  Probe (Chrono Boost)  
  13  0:12  Probe (Chrono Boost)  
  14  0:18  Pylon  
  14  0:22  Probe (Chrono Boost)  
  15  0:36  Probe (Chrono Boost)  
  15  0:39  Gateway  
  16  0:47  Assimilator  
  15  0:57  Probe (Chrono Boost)  
  15  1:00  Assimilator  
  16  1:08  Probe (Chrono Boost)  
  17  1:15  Gateway  
  18  1:18  Probe (Chrono Boost)  
  18  1:30  Cybernetics Core  
  18  1:32  Probe (Chrono Boost)  
  19  1:45  Pylon  
  19  1:47  Probe (Chrono Boost)  
  20  1:58  Probe (Chrono Boost)  
  23  2:09  Mothership Core (Chrono Boost)  
  23  2:16  Stargate  
  23  2:21  Adept  
  25  2:27  Adept  
  27  2:31  Warp Gate  
  27  2:36  Probe (Chrono Boost)  
  28  2:44  Pylon  
  28  2:48  Probe (Chrono Boost)  
  29  2:56  Oracle  
  32  3:12  Probe (Chrono Boost)  
  33  3:33  Oracle  
  33  3:34  Nexus  
  32  3:44  Probe (Chrono Boost)  
  34  3:56  Probe (Chrono Boost)  
  34  3:59  Pylon  
  34  4:08  Probe (Chrono Boost)  
  35  4:14  Robotics Facility  
  35  4:19  Probe (Chrono Boost)  
  36  4:28  Twilight Council  
  36  4:29  Probe (Chrono Boost)  
  37  4:40  Probe (Chrono Boost)  
  38  4:49  Probe (Chrono Boost)  
  38  4:50  Sentry, Probe (Chrono Boost)  
  38  4:51  Sentry  
  41  5:00  Probe (Chrono Boost)  
  41  5:01  Observer, Probe (Chrono Boost)  
  44  5:10  Probe (Chrono Boost)  
  44  5:11  Probe (Chrono Boost)  
  46  5:17  Pylon  
  46  5:20  Forge  
  47  5:21  Probe (Chrono Boost)  
  47  5:22  Probe (Chrono Boost)  
  47  5:24  Gateway  
  48  5:30  Phoenix, Immortal  
  48  5:33  Probe (Chrono Boost)  
  55  5:38  Probe (Chrono Boost)  
  55  5:42  Pylon  
  56  5:45  Probe (Chrono Boost)  
  57  5:54  Gateway  
  57  5:55  Pylon  
  57  6:01  Stalker  
  59  6:06  Immortal  
  59  6:08  Stalker  
  65  6:17  Probe (Chrono Boost)  
  66  6:23  Pylon, Probe (Chrono Boost)  
  68  6:33  Stalker x3, Probe (Chrono Boost)  
  68  6:37  Assimilator  
  74  6:42  Immortal  
  74  6:43  Assimilator  
  78  6:56  Stalker  
  78  6:57  Zealot x2  
  78  6:58  Pylon  
  78  7:00  Probe (Chrono Boost)  
  82  7:18  Stalker x3  
  81  7:34  Stalker  
Tags
 
Add a new tag
Caveats
  • Supply blocks, unpowered buildings, or Contaminate may cause inaccurate times.
  • Supply counts are checked every 10 seconds.